 Dungeon Crawl Stone Soup version 0.30.0-30-g96aa6591b8 (webtiles) character file.

Game seed: 14742202004001572684

631843 croobank the Crack Shot (level 27, -5/217 (226) HPs)
             Began as a Gnoll Summoner on June 24, 2023.
             Was an Initiate of Gozag.
             Killed from afar by a yellow draconian annihilator (28 damage)
             ... with a poison arrow
             ... led by a purple draconian shifter
             ... on level 4 of the Realm of Zot on June 26, 2023.
             The game lasted 11:08:53 (102651 turns).

croobank the Crack Shot (Gnoll Summoner)          Turns: 102651, Time: 11:08:54

HP:   -5/217 (226)  AC: 17    Str: 12    XL:     27
MP:   29/46         EV: 19    Int: 54    God:    Gozag
Gold: 2792          SH: 16    Dex: 12    Spells: 2/64 levels left

rFire   + + .        p - +3 long sword of the Three Emperors {elec, Str+2 Int+6}
rCold   + + +        y - +2 shield of Resistance {rF++ rC++ Will++}
rNeg    + . .        v - +4 skin of Zhor {*Englaciate rC+++ SInv}
rPois   .            A - +2 helmet {Int+3}
rElec   .            i - +0 cloak of Summertime {Rampage Int+6}
rCorr   .            F - +2 pair of gloves
SInv    +            m - +2 pair of boots
Will    +++++        J - amulet of the Four Winds {rN+ Will+++ Clar}
Stlth   ++++++++     T - +6 ring of intelligence
HPRegen 0.56/turn    Q - +6 ring of intelligence
MPRegen 0.30/turn

%: clarity, rampage
@: lethally poisoned (-5 -> -22), corroded, gold aura, studying 5 skills,
lightly drained
A: fangs 2, strong nose, distributed training, camouflage 1, clarity
}: 5/15 runes: decaying, serpentine, slimy, silver, abyssal
a: Renounce Religion, Potion Petition, Call Merchant, Bribe Branch


You were on level 4 of the Realm of Zot.
You worshipped Gozag.
Gozag was most pleased with you.
You visited 12 branches of the dungeon, and saw 55 of its levels.
You visited the Abyss 1 time.
You visited 1 bazaar.
You visited 1 ziggurat, and saw 10 of its levels.
You also visited: Sewer, Ossuary and Ice Cave.

You collected 33342 gold pieces.
You spent 6093 gold pieces at shops.
You paid 24457 gold pieces to Gozag.

Inventory:

Hand Weapons
 p - the +3 long sword of the Three Emperors (weapon) {elec, Str+2 Int+6}
   (You bought it in a shop on level 3 of the Depths)

   Str:       It affects your strength (+2).
   Int:       It affects your intelligence (+6).
 q - the +8 trishula "Condemnation" {holy, anguish, *Noise Fly rN+}
   (You found it on level 6 of a ziggurat)

   rN:        It protects you from negative energy.
   Fly:       It grants you flight.
   *Noise:    It may make noises in combat.
 I - the +6 mace of the Boiling Point {holy, +Blink Fly rElec}
   (You found it on level 6 of a ziggurat)

   rElec:     It insulates you from electricity.
   Fly:       It grants you flight.
   +Blink:    It lets you blink.
Missiles
 P - 10 datura-tipped darts
 S - 4 throwing nets
 V - 9 silver javelins
Armour
 i - the +0 cloak of Summertime (worn) {Rampage Int+6}
   (You found it on level 3 of the Elven Halls)

   Int:       It affects your intelligence (+6).
   Rampage:   It bestows one free step when moving towards enemies.
 m - a +2 pair of boots (worn)
 v - the +4 skin of Zhor (worn) {*Englaciate rC+++ SInv}
   (You found it in an ice cave)

   *Englaciate: It radiates cold, occasionally slowing all nearby creatures who
   are not resistant to cold.
   rC:        It renders you almost immune to cold.
   SInv:      It lets you see invisible.
 y - the +2 shield of Resistance (worn) {rF++ rC++ Will++}
   (You bought it in a shop in a bazaar)

   rF:        It greatly protects you from fire.
   rC:        It greatly protects you from cold.
   Will:      It greatly increases your willpower.
 A - a +2 helmet of intelligence (worn)
 F - a +2 pair of gloves (worn)
Magical Staves
 Y - the staff of earth "Norizymi" {rF+ rN+}
   (You found it on level 3 of the Elven Halls)

   [staff of earth]

   Base accuracy: +5 Base damage: 5 Base attack delay: 1.2 This weapon's minimum
   attack delay (0.6) is reached at skill level 12.
   rF:        It protects you from fire.
   rN:        It protects you from negative energy.
   It falls into the 'Staves' category.
   It is a one-handed weapon.
Jewellery
 c - the ring of the Firefly {Fire Drain rElec rPois Slay+5}
   (You found it on level 2 of the Lair of Beasts)

   [ring of fire]

   It enhances your fire magic.
   Slay:      It affects your accuracy & damage with ranged weapons and melee
   (+5).
   rF:        It protects you from fire.
   rC:        It makes you vulnerable to cold.
   rElec:     It insulates you from electricity.
   rPois:     It protects you from poison.
   Drain:     It drains your maximum health when unequipped.
 h - a ring of magical power
 s - the ring of Qaucyk Duen {rN+ Will+ rCorr Dex+3}
   (You found it on level 5 of the Vaults)

   [ring of willpower]

   Dex:       It affects your dexterity (+3).
   rN:        It protects you from negative energy.
   rCorr:     It protects you from acid and corrosion.
   Will:      It increases your willpower.
 J - the amulet of the Four Winds (around neck) {rN+ Will+++ Clar}
   (You found it on level 3 of the Elven Halls)

   [amulet of nothing]

   rN:        It protects you from negative energy.
   Clar:      It protects you from confusion, rage, mesmerisation and fear.
   Will:      It greatly increases your willpower.
 L - a ring of willpower
 Q - a +6 ring of intelligence (right hand)
 R - a ring of resist corrosion
 T - a +6 ring of intelligence (left hand)
Wands
 j - a wand of mindburst (14)
 n - a wand of charming (63)
 z - a wand of iceblast (71)
 G - a wand of flame (60)
 M - a wand of digging (38)
 X - a wand of acid (12)
Scrolls
 d - 11 scrolls of silence
 l - 7 scrolls of immolation
 r - 4 scrolls of brand weapon
 t - 2 scrolls of blinking
 u - 25 scrolls of teleportation
 B - a scroll of acquirement
 C - 5 scrolls of amnesia
 K - 4 scrolls of fog
 O - 13 scrolls of vulnerability
 U - a scroll of butterflies
 Z - 6 scrolls of magic mapping
Potions
 a - 3 potions of invisibility
 b - 6 potions of magic
 e - 7 potions of brilliance
 f - 9 potions of mutation
 g - 9 potions of berserk rage
 w - 5 potions of resistance
 x - 22 potions of curing
 D - a potion of heal wounds
 E - a potion of cancellation
 N - 7 potions of haste
 W - 14 potions of might
Miscellaneous
 k - a phial of floods
 o - a lightning rod (4/4)
 H - a box of beasts


   Skills:
 + Level 20.7 Fighting
 + Level 18.9 Short Blades
 + Level 18.9 Long Blades
 + Level 18.9 Axes
 + Level 19.7 Maces & Flails
 + Level 18.9 Polearms
 + Level 18.9 Staves
 + Level 22.6 Ranged Weapons
 + Level 18.9 Throwing
 + Level 18.9 Armour
 + Level 19.3 Dodging
 + Level 19.2 Stealth
 + Level 18.9 Shields
 + Level 21.4 Unarmed Combat
 + Level 19.4 Spellcasting
 + Level 16.1 Conjurations
 + Level 16.1 Hexes
 + Level 17.4 Summonings
 + Level 20.2 Necromancy
 + Level 16.1 Translocations
 + Level 16.1 Transmutations
 + Level 16.1 Fire Magic
 + Level 16.1 Ice Magic
 + Level 16.1 Air Magic
 + Level 16.1 Earth Magic
 + Level 16.1 Poison Magic
 + Level 20.4 Invocations
 + Level 18.9 Evocations


You had 2 spell levels left.
You knew the following spells:

 Your Spells              Type           Power      Damage    Failure   Level
a - Blink                 Tloc           100%       N/A       0%          2
b - Lehudib's Crystal Sp  Conj/Erth      61%        10d14     3%          8
e - Summon Lightning Spi  Summ/Air       100%       N/A       0%          4
f - Summon Mana Viper     Hex/Summ       100%       N/A       0%          5
g - Summon Forest         Summ/Tloc      62%        N/A       0%          5
h - Summon Cactus Giant   Summ           63%        N/A       1%          6
i - Yara's Violent Unrav  Hex/Tmut       61%        3d23      0%          5
j - Borgnjor's Vile Clut  Necr/Erth      64%        N/A       0%          5
k - Spellforged Servitor  Conj/Summ      62%        N/A       1%          7
m - Malign Gateway        Summ/Tloc      62%        N/A       1%          7
n - Ignition              Fire           61%        3d17      3%          8

Your spell library contained the following spells:

 Spells                   Type           Power      Damage    Failure   Level
 Apportation              Tloc           100%       N/A       0%          1
 Beastly Appendage        Tmut           100%       N/A       0%          1
 Freeze                   Ice            100%       1d10      0%          1
 Kiss of Death            Conj/Necr      100%       2d13      0%          1
 Magic Dart               Conj           100%       1d8       0%          1
 Necrotise                Necr           100%       1d9       0%          1
 Shock                    Conj/Air       100%       1d9       0%          1
 Sting                    Tmut/Pois      100%       1d8       0%          1
 Summon Small Mammal      Summ           100%       N/A       0%          1
 Call Imp                 Summ           100%       N/A       0%          2
 Cigotuvi's Dreadful Rot  Necr/Pois/Air  100%       N/A       0%          2
 Lesser Beckoning         Tloc           100%       N/A       0%          2
 Poisonous Vapours        Pois/Air       100%       N/A       0%          2
 Sublimation of Blood     Necr           100%       N/A       0%          2
 Wereblood                Tmut           100%       N/A       0%          2
 Call Canine Familiar     Summ           100%       N/A       0%          3
 Confusing Touch          Hex            100%       N/A       0%          3
 Dazzling Flash           Conj/Hex       100%       N/A       0%          3
 Frozen Ramparts          Ice            100%       1d16      0%          3
 Gell's Gravitas          Tloc           100%       N/A       0%          3
 Hailstorm                Conj/Ice       100%       3d20      0%          3
 Ignite Poison            Fire/Tmut/Pois 100%       N/A       0%          3
 Mephitic Cloud           Conj/Pois/Air  100%       N/A       0%          3
 Ozocubu's Armour         Ice            100%       N/A       0%          3
 Portal Projectile        Hex/Tloc       100%       N/A       0%          3
 Spider Form              Tmut/Pois      100%       N/A       0%          3
 Summon Guardian Golem    Hex/Summ       100%       N/A       0%          3
 Swiftness                Air            100%       N/A       0%          3
 Teleport Other           Tloc           100%       N/A       0%          3
 Tukima's Dance           Hex            100%       N/A       0%          3
 Vhi's Electric Charge    Tloc/Air       100%       N/A       0%          3
 Volatile Blastmotes      Fire/Tloc      100%       2d18      0%          3
 Airstrike                Air            61%        2d(9-25)  0%          4
 Anguish                  Hex/Necr       64%        N/A       0%          4
 Animate Armour           Summ/Erth      100%       N/A       0%          4
 Cause Fear               Hex            61%        N/A       0%          4
 Dispel Undead            Necr           100%       3d31      0%          4
 Fulminant Prism          Conj/Hex       61%        3d26      0%          4
 Ice Form                 Ice/Tmut       100%       N/A       0%          4
 Iskenderun's Mystic Bla  Conj/Tloc      100%       2d19      0%          4
 Manifold Assault         Tloc           100%       N/A       0%          4
 Olgreb's Toxic Radiance  Pois           100%       N/A       0%          4
 Passage of Golubria      Tloc           100%       N/A       0%          4
 Petrify                  Tmut/Erth      100%       N/A       0%          4
 Summon Ice Beast         Ice/Summ       100%       N/A       0%          4
 Alistair's Intoxication  Tmut/Pois      82%        N/A       0%          5
 Arcjolt                  Conj/Air       61%        1d71      0%          5
 Blade Hands              Tmut           61%        N/A       0%          5
 Fireball                 Conj/Fire      61%        3d23      0%          5
 Freezing Cloud           Conj/Ice/Air   61%        6-21      0%          5
 Irradiate                Conj/Tmut      61%        3d32      0%          5
 Iskenderun's Battlesphe  Conj           100%       2d15      0%          5
 Lee's Rapid Deconstruct  Erth           61%        3d28*     0%          5
 Metabolic Englaciation   Hex/Ice        61%        N/A       0%          5
 Silence                  Hex/Air        61%        N/A       0%          5
 Death Channel            Necr           67%        N/A       0%          6
 Conjure Ball Lightning   Conj/Air       61%        3x3d22    1%          6
 Dispersal                Tloc           61%        N/A       1%          6
 Eringya's Noxious Bog    Tmut/Pois      61%        N/A       1%          6
 Iron Shot                Conj/Erth      61%        9d11      1%          6
 Plasma Beam              Fire/Air       61%        2x1d84    1%          6
 Starburst                Conj/Fire      61%        6d16      1%          6
 Statue Form              Tmut/Erth      82%        N/A       1%          6
 Dragon Form              Tmut           61%        N/A       1%          7
 Monstrous Menagerie      Summ           63%        N/A       1%          7
 Orb of Destruction       Conj           61%        9d15      1%          7
 Ozocubu's Refrigeration  Ice            61%        4d21      1%          7
 Storm Form               Tmut/Air       61%        N/A       1%          7
 Summon Hydra             Summ           63%        N/A       1%          7
 Borgnjor's Revivificati  Necr           67%        N/A       1%          8
 Necromutation            Tmut/Necr      64%        N/A       1%          8
 Discord                  Hex            61%        N/A       3%          8
 Disjunction              Tloc           61%        N/A       3%          8
 Maxwell's Capacitive Co  Air            61%        ∞         3%          8
 Death's Door             Necr           67%        N/A       10%         9
 Dragon's Call            Summ           63%        N/A       32%         9
 Polar Vortex             Ice            61%        N/A       50%         9
 Animate Dead             Necr           Unusable   N/A       N/A         4
 Simulacrum               Ice/Necr       Unusable   N/A       N/A         6

Dungeon Overview and Level Annotations

Branches:
Dungeon (15/15)            Temple (1/1) D:6            Lair (5/5) D:10
  Swamp (4/4) Lair:2        Snake (4/4) Lair:3        Slime (5/5) Lair:4
    Orc (2/2) D:10            Elf (3/3) Orc:2        Vaults (5/5) D:13
  Crypt (3/3) Vaults:2       Tomb (0/3) Crypt:3      Depths (4/4) D:15
    Zot (4/5) Depths:4      Sewer (visited)         Ossuary (visited)
  IceCv (visited)

Altars:
Dithmenos
Elyvilon
Fedhas
Gozag
Hepliaklqana
Kikubaaqudgha
Makhleb
Nemelex Xobeh
Okawaru
Qazlal
Ru
Sif Muna
Trog
Uskayaw
Vehumet
Wu Jian
Xom
Yredelemnul
Zin
The Shining One
Jiyva
Lugonu

Shops:
D:12 ?[**   Orc:2 (=[!   Elf:2 !   Elf:3 [(   Snake:4 *   Vaults:4 (
Depths:2 :   Depths:3 *

Portals:
Hell: Depths:1 Depths:2 Depths:3 Depths:4
Abyss: Slime:3 Depths:2 Depths:3
Pandemonium: Depths:1 Depths:2
Bazaar: Depths:3

Annotations:
Vaults:3 2 runed translucent doors, corvin's ghost, veteran TrBe; quaternion's ghost, veteran MiFi
Zot:4 Tiamat


Innate Abilities, Weirdness & Mutations

You have extremely sharp teeth.
Your uncanny sense of smell can sniff out nearby items.
Your experience applies equally to all skills.
Your skin changes colour to match your surroundings (Stealth+).
You possess an exceptional clarity of mind.


Message History

A white draconian comes into view.
It is wielding a +1 long sword of electrocution.
You radiate an aura of cold.
The shadow dragon is unaffected.
Tiamat resists.
Your spellforged servitor is unaffected.
The yellow draconian annihilator seems to slow down.
The purple draconian shifter resists.
The red draconian resists.
The white draconian is unaffected.
The shadow dragon is no longer distracted by gold.
Tiamat hits the shadow dragon but does no damage.
Tiamat tail-slaps the shadow dragon but does no damage.
The shadow dragon breathes negative energy at you.
The bolt of negative energy hits you!! You partially resist.
You feel drained.
* * * LOW HITPOINT WARNING * * *
A yellow draconian annihilator comes into view.
It is wielding a +0 long sword.
The purple draconian shifter breathes dispelling energy at you.
The bolt of dispelling energy misses you.
The white draconian is distracted by your dazzling golden aura.
A red draconian comes into view.
It is wielding a +1 glaive of protection.
The yellow draconian annihilator is distracted by your dazzling golden aura.
Found a shortbow.
The yellow draconian annihilator is no longer distracted by gold.
A white draconian stormcaller comes into view.
It is wielding a +0 long sword.
The red draconian is distracted by your dazzling golden aura.
The purple draconian shifter mumbles some strange words.
The purple draconian shifter blinks!
The yellow draconian annihilator mumbles some strange words.
The yellow draconian annihilator blinks!
There is a stone staircase leading up here.
The sentinel's mark upon you fades away.
The yellow draconian annihilator spits acid at you.
The glob of acid hits you!!
* * * LOW HITPOINT WARNING * * *
The acid corrodes you!
Tiamat hits the shadow dragon with a +2 demon trident of venom!!!
The shadow dragon dies!
The yellow draconian annihilator points at you and mumbles some strange words.
The poison arrow hits you!!
You are poisoned.
You die...
Your body crumbles into a pile of gold.

######.###.#...........
#...###....^.......
#....###............
#...............
##(...$.....#.. ∆
#...........##
#.......$...?##
####..q..........#
#.......d$@.......
#....$9$..d.......
#...#........#....
#####...q...q# ..)
#.....§..# ..
#..d...... ##.qd....#.
#.d........


You could see a yellow draconian, 2 draconians, a white draconian (distracted),
a purple draconian shifter, a white draconian stormcaller, 2 draconians, the
friendly Tiamat (unaware) and a friendly spellforged servitor (summoned).

Vanquished Creatures
  2 dread liches
  6 golden dragons
  A Brimstone Fiend (Zig:4)
  Zenata (Vaults:2)
  4 tentacled monstrosities
  Mlioglotl (Swamp:4)
  A lich (Crypt:3)
  2 deep elf blademasters (Zig:5)
  3 quicksilver dragons
  A deep elf master archer (Zig:7)
  An acid blob (Slime:4)
  An Executioner (Abyss:4)
  A tentacled starspawn (Abyss:3)
  A death cob (Zot:2)
  4 ancient champions
  5 shadow dragons
  4 storm dragons
  2 sphinxes
  A fire giant (Depths:3)
  A fenstrider witch (Zig:8)
  2 iron dragons (Zot:2)
  2 revenants
  4 draconian monks
  2 rockslimes
  3 nagarajas
  Roxanne (Swamp:4)
  2 draconian knights
  An azure jelly (Slime:3)
  7 vault wardens
  A deep elf sorcerer (Elf:3)
  2 draconian scorchers (Zot:1)
  A ghost moth (Zot:2)
  2 draconian shifters (Zot:1)
  A deep elf elementalist (Elf:3)
  5 ironbound preservers
  6 draconian stormcallers
  3 caustic shrike skeletons (Crypt:3)
  A ghoul (Zig:9)
  3 draconian annihilators
  3 stone giants
  8 very ugly things
  A quicksilver ooze (Slime:5)
  8 ironbound thunderhulks
  A green draconian (Zot:1)
  2 deep elf demonologists
  2 wendigos (Zig:3)
  3 vampire knights
  2 eleionomae (Swamp:2)
  A dire elephant (Vaults:2)
  2 red draconians (Zot:1)
  2 bunyips
  A spark wasp (Depths:4)
  A deep elf annihilator (Elf:3)
  A yellow draconian (Zot:2)
  2 white draconians (Zot:1)
  5 purple draconians
  4 jiangshi
  An ettin (Vaults:4)
  5 eidola
  A deep elf death mage (Vaults:5)
  A merfolk impaler (Depths:2)
  2 fire dragons (Depths:1)
  4 great orbs of eyes
  A shambling mangrove (Zig:8)
  7 yaktaur captains
  2 deep elf high priests
  5 vault guards
  5 hydras
  A quicksilver dragon skeleton (Crypt:3)
  An elf skeleton (Crypt:3)
  3 ice dragons
  2 ironbound frosthearts
  4 anacondas
  3 ghost crabs
  7 centaur warriors (Vaults:1)
  2 spriggan air magi (Depths:1)
  A spriggan skeleton (Crypt:3)
  5 dancing weapons
  A deep troll earth mage (Depths:2)
  A bennu skeleton (Crypt:3)
  2 alligators (Swamp:4)
  A boulder beetle (Vaults:4)
  A tengu warrior (Depths:2)
  2 naga warriors
  3 vampire magi
  A death yak (Lair:5)
  5 deep elf knights
  A hell knight (Zig:4)
  A spriggan berserker (Depths:1)
  2 naga sharpshooters
  2 shock serpents
  2 iron trolls
  8 skeletal warriors
  A sun demon (Abyss:4)
  A skyshark (Lair:5)
  A spectral yaktaur (Vaults:4)
  A shadow wraith (Crypt:3)
  A death drake (Zig:8)
  6 deep trolls
  6 titan skeletons
  7 flayed ghosts
  3 phantasmal warriors
  A sea snake (Snake:1)
  A bog body (Swamp:4)
  A wizard (Vaults:3)
  6 ironbound convokers
  2 lindwurms (Vaults:1)
  A shadow demon (Depths:1)
  A spriggan simulacrum (Depths:3)
  3 deep elf archers
  9 swamp dragons
  2 naga ritualists (Snake:4)
  9 deep elf zephyrmancers
  A bunyip skeleton (Crypt:3)
  2 orc knights
  A tengu zombie (Crypt:2)
  A shining eye (Slime:2)
  14 deep elf pyromancers
  2 anaconda skeletons
  An iron dragon skeleton (Crypt:3)
  A moth of wrath (shapeshifter) (D:15)
  A worldbinder (Abyss:3)
  An eleionoma zombie (Crypt:1)
  6 ugly things
  A manticore (D:12)
  2 will-o-the-wisps
  3 salamanders
  An orc sorcerer (Zig:7)
  5 draconians (Abyss:4)
  2 elephants (Lair:5)
  A frost giant skeleton (Crypt:1)
  11 moths of wrath
  12 black mambas
  A guardian serpent (Snake:3)
  An eleionoma skeleton (Crypt:2)
  Joseph (D:7)
  4 vault sentinels
  A shock serpent skeleton (Crypt:1)
  An elf zombie (Vaults:1)
  A death yak zombie (Crypt:2)
  2 naga magi (Snake:4)
  An orange demon (Depths:1)
  3 naga skeletons (Crypt:3)
  A rime drake (Lair:3)
  A kobold demonologist (D:14)
  2 anaconda simulacra (IceCv)
  12 yaktaurs
  5 freezing wraiths
  A yaktaur skeleton (Vaults:1)
  4 guardian mummies (Crypt:3)
  A tengu conjurer (Depths:3)
  A yellow draconian skeleton (Crypt:3)
  2 ancient zymes (Abyss:3)
  A golden dragon simulacrum (IceCv)
  A death drake zombie (Crypt:1)
  A queen bee (shapeshifter) (Vaults:5)
  A troll (Vaults:5)
  2 hornets
  A sphinx simulacrum (Depths:3)
  2 tyrant leeches
  A harpy skeleton (Crypt:3)
  6 raiju (Abyss:3)
  A tarantella (Vaults:1)
  A dream sheep (shapeshifter) (Zig:10)
  4 large abominations
  An air elemental (Elf:2)
  A culicivora (shapeshifter) (Zig:10)
  A spriggan (Depths:1)
  32 slime creatures
  2 water elementals
  3 wraiths (Crypt:2)
  A vampire (D:12)
  2 fire elementals (Elf:1)
  A wyvern (D:9)
  3 nameless horrors
  5 yaks
  A black mamba skeleton (Crypt:3)
  A hog (shapeshifter) (D:13)
  2 neqoxecs (Depths:1)
  2 ynoxinuls
  2 steam dragons
  A human (D:13)
  A redback (shapeshifter) (Depths:1)
  A redback (Vaults:4)
  A vampire mosquito (Zig:8)
  7 nagas
  An acid dragon (Zot:3)
  A harpy simulacrum (IceCv)
  3 chaos spawn (Depths:2)
  2 water moccasins (Lair:3)
  9 orc warriors (Orc:2)
  An ice beast (Abyss:3)
  A sky beast (D:4)
  2 alligator simulacra (IceCv)
  A swamp drake (Swamp:3)
  A boggart (shapeshifter) (Elf:1)
  2 wolves
  A centaur (D:8)
  A draconian zombie (Crypt:2)
  A salamander zombie (Crypt:3)
  2 bullfrogs
  An earth elemental (Zig:5)
  3 wights (Crypt:3)
  Dowan (D:5)
  A howler monkey (D:9)
  A centaur zombie (Crypt:3)
  A hound (D:5)
  A jelly (D:7)
  3 orc priests
  11 starcursed masses (Abyss:4)
  A sleepcap (D:7)
  2 orc wizards
  An ice beast zombie (Crypt:1)
  A gnoll (D:5)
  3 adders
  3 white imps
  An ufetubus (Abyss:3)
  A dart slug (D:3)
  17 orcs
  A bat skeleton (D:4)
  5 endoplasms
  6 giant cockroaches
  4 hobgoblins
  4 quokkas
  4 ball pythons
  2 bats (D:3)
  2 frilled lizards
  2 goblins
  A jackal skeleton (Crypt:2)
  3 kobolds
  5 rats
  A lurking horror (Abyss:3)
  2 starspawn tentacles (Abyss:3)
632 creatures vanquished.

Vanquished Creatures (collateral kills)
  the Royal Jelly (Slime:5)
  An orb of fire (Zot:2)
  An ancient lich (Zig:10)
  Josephina (Depths:3)
  Parghit (Depths:3)
  the Lernaean hydra (Swamp:4)
  A Killer Klown (Zot:2)
  Frederick (Crypt:1)
  Vashnia (Snake:2)
  2 curse toes (Zot:4)
  The ghost of eruonna the Slayer, a veteran HOBe of Trog (Vaults:4)
  10 golden dragons
  Nikola (Swamp:3)
  3 bone dragons
  Jorgrun (Swamp:3)
  2 electric golems
  6 tentacled monstrosities
  A Hell Sentinel (Abyss:3)
  4 liches
  A walking crystal tome (Depths:3)
  2 titans (Depths:3)
  A deep elf blademaster (Elf:3)
  18 acid blobs
  3 death cobs
  A tentacled starspawn (Abyss:3)
  5 quicksilver dragons
  5 sphinxes
  4 tengu reavers
  7 ancient champions
  7 shadow dragons
  4 storm dragons
  Kirke (Snake:1)
  4 draconian monks
  An eldritch tentacle (Depths:3)
  A revenant (Crypt:3)
  8 nagarajas
  A daeva (Depths:2)
  6 rockslimes
  11 azure jellies
  8 fire giants
  6 vault wardens
  A draconian scorcher (Zot:2)
  A balrug (Zig:4)
  3 deep elf sorcerers
  2 frost giants
  A ghost moth (Zot:3)
  A curse skull (Zig:9)
  A juggernaut zombie (Crypt:1)
  Louise (Swamp:4)
  3 ghouls (Crypt:2)
  An angel (Depths:3)
  The ghost of MuffinSoup the Devastator, a journeyman OpHW of Vehumet (D:15)
  10 ironbound preservers
  A draconian annihilator (Zot:3)
  3 draconian shifters
  A war gargoyle (Zig:10)
  6 quicksilver oozes
  7 draconian stormcallers
  A spriggan defender (Depths:3)
  2 caustic shrike skeletons (Crypt:3)
  24 very ugly things
  4 ironbound thunderhulks
  4 bunyips
  7 stone giants
  4 eleionomae
  7 vampire knights
  3 black draconians
  2 white draconians
  9 red draconians
  3 deep elf demonologists
  3 purple draconians
  4 deep elf annihilators
  4 dire elephants (Vaults:2)
  A spark wasp (Depths:4)
  3 yellow draconians
  An eidolon (Crypt:1)
  6 deep elf death magi
  The ghost of woowoo the Destroyer, a journeyman DrCj of Sif Muna (Lair:2)
  10 ettins
  A green death (Abyss:4)
  6 fire dragons
  7 yaktaur captains
  4 entropy weavers
  A jiangshi (Crypt:1)
  13 vault guards
  11 hydras
  7 great orbs of eyes
  8 spriggan air magi
  Erolcha (D:9)
  3 rakshasas
  2 salamander tyrants
  6 ice dragons
  2 ogre magi
  3 death knights
  4 ironbound frosthearts
  7 boulder beetles
  8 centaur warriors
  5 catoblepae
  8 alligators
  20 dancing weapons
  5 two-headed ogres
  6 anacondas
  2 spectral humans (Vaults:4)
  An Orb Guardian skeleton (Crypt:3)
  4 deep troll shamans
  10 naga warriors
  11 death yaks (Lair:5)
  6 spriggan berserkers
  5 deep troll earth magi
  2 tengu warriors
  Urug (D:11)
  3 vampire magi
  An orc high priest (Elf:3)
  5 shock serpents
  14 naga sharpshooters
  A thrashing horror (Abyss:3)
  A soul eater (Vaults:2)
  7 deep elf knights
  2 wretched stars (Abyss:3)
  3 salamander mystics
  A skyshark (Lair:4)
  A sun demon (Depths:4)
  15 skeletal warriors
  3 iron trolls
  A sea snake (Snake:1)
  A sixfirhy (Depths:2)
  A shadow wraith (Crypt:2)
  3 spriggan druids
  4 goliath frogs
  5 glowing orange brains
  12 swamp dragons
  5 naga ritualists
  26 deep trolls
  9 bog bodies
  An obsidian statue (IceCv)
  9 wizards
  7 phantasmal warriors
  7 ironbound convokers
  4 starcursed masses
  6 necromancers
  7 lindwurms
  A shadow dragon zombie (Crypt:2)
  12 deep elf archers
  26 ugly things
  An iron dragon zombie (Crypt:1)
  25 deep elf pyromancers
  23 deep elf zephyrmancers
  7 shining eyes
  7 manticores
  12 orc knights
  7 mana vipers
  6 cyclopes
  2 orc sorcerers
  A goliath frog skeleton (Crypt:1)
  A wolf spider (Vaults:5)
  12 salamanders
  2 stone giant zombies
  9 moths of wrath
  An iron dragon skeleton (Crypt:1)
  4 will-o-the-wisps
  14 elephants (Lair:5)
  7 guardian serpents
  The ghost of 5155yf4g the Chopper, a novice MiBe of Trog (D:5)
  14 naga magi
  30 black mambas
  A rust devil (Depths:2)
  14 vault sentinels
  A torpor snail (Lair:3)
  A storm dragon simulacrum (Vaults:4)
  3 eyes of devastation
  10 cane toads
  2 gargoyles (D:11)
  4 kobold demonologists
  A naga skeleton (Crypt:1)
  4 rime drakes
  3 unseen horrors
  30 yaktaurs
  13 freezing wraiths
  A tormentor (Depths:2)
  An efreet (D:15)
  7 komodo dragons
  A yaktaur (shapeshifter) (Vaults:5)
  3 ice devils (IceCv)
  A pale draconian skeleton (Crypt:3)
  4 anaconda simulacra (IceCv)
  3 tengu conjurers
  A red devil (Depths:2)
  A meliai (shapeshifter) (Vaults:5)
  A polar bear (shapeshifter) (Abyss:3)
  A queen bee (shapeshifter) (Elf:1)
  6 tyrant leeches
  2 bloated husks
  2 hellwings (Depths:2)
  6 trolls
  A tengu simulacrum (Depths:3)
  A death drake skeleton (Crypt:2)
  2 harpy skeletons
  A meliai (D:11)
  4 hornets
  8 blink frogs
  4 human simulacra (Vaults:4)
  A stone giant simulacrum (Vaults:4)
  2 raiju (Abyss:3)
  A jumping spider (Vaults:2)
  94 slime creatures
  5 shadows
  A centaur simulacrum (D:15)
  An air elemental (Elf:3)
  3 water elementals
  2 vampires
  A spriggan (shapeshifter) (D:11)
  3 spriggans
  Sigmund (D:5)
  10 wraiths
  3 dire elephant simulacra (IceCv)
  A ynoxinul (Abyss:3)
  68 yaks
  3 basilisks
  3 wyverns
  3 fire elementals
  20 humans (D:13)
  4 golden eyes (Slime:3)
  3 redbacks (Vaults:3)
  4 vampire mosquitoes
  A wind drake zombie (Crypt:1)
  A steam dragon (D:8)
  5 hogs (Snake:1)
  Menkaure (D:5)
  3 neqoxecs
  10 wargs
  A minotaur simulacrum (IceCv)
  Edmund (D:5)
  10 swamp worms
  46 nagas
  A small abomination (Abyss:3)
  5 acid dragons
  3 hydra simulacra
  6 water moccasins
  Duvessa (D:5)
  A human skeleton (Vaults:1)
  A merfolk skeleton (Crypt:3)
  A demonspawn skeleton (Crypt:2)
  A large abomination (Abyss:3)
  34 orc warriors
  3 black bears
  An ice beast (D:7)
  6 swamp drakes
  3 alligator simulacra (IceCv)
  A tengu (shapeshifter) (Abyss:3)
  6 wolves
  2 ettin simulacra (IceCv)
  6 ogres
  9 centaurs
  An elf simulacrum (Vaults:4)
  7 kobold brigands
  8 nameless horrors
  A necrophage (Crypt:2)
  7 bullfrogs
  A gnoll sergeant (D:8)
  2 deep troll simulacra (IceCv)
  An earth elemental (Elf:3)
  6 scorpions
  2 glowing shapeshifter simulacra (Vaults:4)
  23 wights
  The ghost of Hadrion the Shield-Bearer, a weakling TrFi (D:3)
  4 lindwurm simulacra (IceCv)
  6 howler monkeys
  A vampire bat (D:4)
  A crimson imp (D:7)
  3 centaur zombies (Ossuary)
  2 quasits (Abyss:3)
  8 orc priests
  5 hounds
  A jelly (D:4)
  A gnoll bouda (D:9)
  A water moccasin simulacrum (Lair:2)
  2 sleepcaps
  2 iguanas
  Terence (D:2)
  13 orc wizards
  A yak simulacrum (Lair:2)
  A polar bear simulacrum (Lair:2)
  6 mummies (Ossuary)
  7 adders
  16 gnolls
  A river rat (D:4)
  2 shadow imps (D:5)
  A white imp (D:7)
  An ufetubus (D:5)
  2 worm zombies
  2 dart slugs
  77 orcs
  3 ball pythons
  3 bat skeletons (D:4)
  A bat zombie (D:4)
  2 endoplasms
  2 giant cockroaches (D:1)
  8 goblins
  5 hobgoblins
  2 jackals
  2 quokkas
  3 bats
  A frilled lizard (D:1)
  2 hobgoblin zombies (Ossuary)
  15 kobolds
  6 rats
  A rat (shapeshifter) (D:15)
  3 lurking horrors (Slime:3)
  2 spectral weapons
  2 starspawn tentacles (Abyss:3)
1709 creatures vanquished.

Vanquished Creatures (others)
  4 tentacled monstrosities
  3 deep elf blademasters
  2 deep elf master archers (Elf:3)
  A quicksilver dragon (shapeshifter) (Vaults:5)
  A titan (Vaults:5)
  A death cob (Zot:3)
  The ghost of Taurus the Warrior, an adept MiFi of Gozag (Elf:2)
  A tengu reaver (Vaults:5)
  96 eldritch tentacles
  A shadow dragon (Vaults:5)
  2 storm dragons
  3 draconian monks (Zot:3)
  A fire giant (Vaults:5)
  A deep elf sorcerer (Vaults:5)
  4 vault wardens (Vaults:5)
  A frost giant (Vaults:5)
  A draconian scorcher (Zot:2)
  3 deep elf elementalists
  A very ugly thing (Vaults:5)
  A draconian annihilator (Zot:4)
  3 deep elf demonologists
  2 black draconians (Zot:3)
  A white draconian (Zot:1)
  3 yellow draconians (Zot:3)
  3 deep elf annihilators (Elf:3)
  A bunyip (Swamp:3)
  A purple draconian (Zot:3)
  2 deep elf death magi
  2 yaktaur captains (Vaults:5)
  A great orb of eyes (Slime:5)
  An ice dragon (Lair:2)
  14 vault guards (Vaults:5)
  A hydra (Swamp:4)
  3 ogre magi (Vaults:5)
  2 dancing weapons
  A centaur warrior (D:11)
  A boulder beetle (D:11)
  3 two-headed ogres
  A deep troll earth mage (Vaults:5)
  3 death yaks (Lair:5)
  3 deep elf knights (Elf:2)
  A skeletal warrior (D:11)
  2 spriggan druids (Swamp:4)
  A shadow wraith (Vaults:5)
  A goliath frog (Swamp:3)
  4 slime creatures
  2 deep elf archers
  A bog body (Swamp:4)
  An orc knight (Vaults:5)
  5 deep elf pyromancers
  8 deep elf zephyrmancers
  2 phantasmal warriors (Vaults:5)
  A moth of wrath (Elf:2)
  A titan simulacrum (Depths:3)
  2 vault sentinels (Vaults:5)
  2 gargoyles
  An efreet (Abyss:4)
  A storm dragon simulacrum (Zig:3)
  3 freezing wraiths
  2 bloated husks (Swamp:4)
  A large abomination (Abyss:3)
  2 human simulacra (Vaults:1)
  A frost giant simulacrum (Depths:3)
  A wraith (D:11)
  A vampire (D:11)
  An air elemental (Elf:3)
  A nameless horror (D:5)
  2 yaks (D:9)
  A swamp worm (Swamp:3)
  A hydra simulacrum (Lair:2)
  An acid dragon (D:12)
  4 orc warriors
  2 swamp drakes (Swamp:4)
  An ogre (Vaults:5)
  A gnoll sergeant (D:5)
  A skyshark simulacrum (Lair:2)
  4 wights
  An electric eel (Snake:1)
  A howler monkey (D:11)
  A water moccasin simulacrum (Lair:2)
  An iguana (D:6)
  A sleepcap (D:5)
  An orc wizard (D:7)
  A gnoll (D:4)
  An ufetubus (D:5)
  8 orcs
  11 foxfires
  90 snaplasher vines
  4 starspawn tentacles (Abyss:3)
369 creatures vanquished.

Grand Total: 2710 creatures vanquished

Notes
Turn   | Place    | Note
-------+----------+-------------------------------------------
     0 | D:1      | croobank the Gnoll Summoner began the quest for the Orb.
     0 | D:1      | Reached XP level 1. HP: 13/13 MP: 6/6
   150 | D:1      | Reached XP level 2. HP: 4/19 MP: 7/7
   230 | D:1      | Learned a level 2 spell: Call Imp
   749 | D:1      | Reached skill level 5 in Spellcasting
   749 | D:1      | Reached XP level 3. HP: 25/25 MP: 7/9
   814 | D:1      | Learned a level 3 spell: Call Canine Familiar
   863 | D:2      | Reached skill level 1 in Invocations
   924 | D:2      | Noticed Terence
   956 | D:2      | Reached skill level 1 in Fighting
   956 | D:2      | Reached skill level 1 in Short Blades
   956 | D:2      | Reached skill level 1 in Long Blades
   956 | D:2      | Reached skill level 1 in Axes
   956 | D:2      | Reached skill level 1 in Maces & Flails
   956 | D:2      | Reached skill level 1 in Polearms
   956 | D:2      | Reached skill level 1 in Staves
   956 | D:2      | Reached skill level 1 in Ranged Weapons
   956 | D:2      | Reached skill level 1 in Throwing
   956 | D:2      | Reached skill level 1 in Armour
   956 | D:2      | Reached skill level 1 in Shields
   956 | D:2      | Reached skill level 1 in Unarmed Combat
   956 | D:2      | Reached skill level 1 in Evocations
   956 | D:2      | Killed Terence
   957 | D:2      | Reached XP level 4. HP: 11/32 MP: 4/11
  1178 | D:2      | Reached skill level 1 in Conjurations
  1178 | D:2      | Reached skill level 1 in Hexes
  1178 | D:2      | Reached skill level 1 in Necromancy
  1178 | D:2      | Reached skill level 1 in Translocations
  1178 | D:2      | Reached skill level 1 in Transmutations
  1178 | D:2      | Reached skill level 1 in Fire Magic
  1178 | D:2      | Reached skill level 1 in Ice Magic
  1178 | D:2      | Reached skill level 1 in Air Magic
  1178 | D:2      | Reached skill level 1 in Earth Magic
  1178 | D:2      | Reached skill level 1 in Poison Magic
  1605 | D:2      | Found a faded altar of an unknown god.
  1630 | D:2      | Reached XP level 5. HP: 12/37 MP: 6/12
  2755 | D:3      | Found a runed translucent gate.
  2756 | D:3      | Found a runed translucent gate.
  2757 | D:3      | Found a runed translucent gate.
  2761 | D:3      | Noticed Hadrion's ghost (weakling TrFi)
  2797 | D:3      | Reached XP level 6. HP: 34/44 MP: 14/14
  2803 | D:3      | Learned a level 3 spell: Summon Guardian Golem
  2861 | D:3      | Learned a level 4 spell: Summon Lightning Spire
  2871 | D:3      | Killed Hadrion's ghost
  2872 | D:3      | Reached skill level 2 in Ranged Weapons
  2872 | D:3      | Reached skill level 5 in Dodging
  3082 | D:3      | Found a shadowy altar of Dithmenos.
  3092 | D:3      | Found a hide-covered altar of Uskayaw.
  3351 | D:4      | Found an ancient bone altar of Kikubaaqudgha.
  3516 | D:4      | Reached XP level 7. HP: 37/50 MP: 5/15
  3755 | D:4      | Found a glowing drain.
  3762 | Sewer    | Entered a sewer
  3763 | Sewer    | Noticed a nameless horror
  3790 | Sewer    | HP: 1/51 [nameless horror[miscasting Summon Lightning
                  | Spire] (8)]
  3803 | Sewer    | Killed a nameless horror
  3962 | Sewer    | Found a white marble altar of Elyvilon.
  4187 | D:4      | Reached skill level 5 in Stealth
  4346 | D:4      | Found a shimmering blue altar of Sif Muna.
  4384 | D:5      | Entered Level 5 of the Dungeon
  4387 | D:5      | Noticed Edmund
  4400 | D:5      | Killed Edmund
  4471 | D:5      | Reached skill level 3 in Ranged Weapons
  4471 | D:5      | Reached XP level 8. HP: 58/58 MP: 13/16
  4561 | D:5      | Noticed Menkaure
  4570 | D:5      | Killed Menkaure
  4659 | D:5      | Found a radiant altar of Vehumet.
  4968 | D:5      | Found a burning altar of Makhleb.
  5070 | D:5      | Noticed Sigmund
  5073 | D:5      | Noticed a nameless horror
  5120 | D:5      | Killed a nameless horror
  5145 | D:5      | Killed Sigmund
  5146 | D:5      | Reached XP level 9. HP: 61/65 MP: 18/18
  5248 | D:5      | Noticed Dowan
  5261 | D:5      | Killed Dowan
  5261 | D:5      | Noticed Duvessa
  5262 | D:5      | Reached skill level 4 in Ranged Weapons
  5284 | D:5      | Killed Duvessa
  5694 | D:5      | Found a large runed translucent door.
  5695 | D:5      | Found a large runed translucent door.
  5712 | D:5      | Noticed 5155yf4g's ghost (novice MiBe)
  5750 | D:5      | Killed 5155yf4g's ghost
  5891 | D:6      | Found a staircase to the Ecumenical Temple.
  5897 | Temple   | Entered the Ecumenical Temple
  6045 | Temple   | Became a worshipper of Gozag Ym Sagoz the Greedy
  6244 | D:6      | Reached skill level 5 in Invocations
  7434 | D:7      | Reached skill level 5 in Fighting
  7434 | D:7      | Reached skill level 5 in Short Blades
  7434 | D:7      | Reached skill level 5 in Long Blades
  7434 | D:7      | Reached skill level 5 in Axes
  7434 | D:7      | Reached skill level 5 in Maces & Flails
  7434 | D:7      | Reached skill level 5 in Polearms
  7434 | D:7      | Reached skill level 5 in Staves
  7434 | D:7      | Reached skill level 5 in Ranged Weapons
  7434 | D:7      | Reached skill level 5 in Throwing
  7434 | D:7      | Reached skill level 5 in Armour
  7434 | D:7      | Reached skill level 5 in Shields
  7434 | D:7      | Reached skill level 5 in Unarmed Combat
  7434 | D:7      | Reached skill level 5 in Evocations
  7434 | D:7      | Reached XP level 10. HP: 74/74 MP: 18/20
  7460 | D:7      | Noticed Joseph
  7471 | D:7      | Killed Joseph
  7767 | D:7      | Found a bloodstained altar of Trog.
  8182 | D:8      | Found a sand-covered staircase.
  8187 | Ossuary  | Entered an ossuary
  9069 | D:9      | Learned a level 5 spell: Summon Mana Viper
  9075 | D:9      | Learned a level 5 spell: Summon Forest
  9412 | D:9      | Noticed Erolcha
  9426 | D:9      | Killed Erolcha
  9614 | D:9      | Noticed a gargoyle
  9626 | D:9      | Killed a gargoyle
  9627 | D:9      | Reached skill level 6 in Ranged Weapons
  9627 | D:9      | Reached skill level 5 in Conjurations
  9627 | D:9      | Reached skill level 5 in Hexes
  9627 | D:9      | Reached skill level 5 in Necromancy
  9627 | D:9      | Reached skill level 5 in Translocations
  9627 | D:9      | Reached skill level 5 in Transmutations
  9627 | D:9      | Reached skill level 5 in Fire Magic
  9627 | D:9      | Reached skill level 5 in Ice Magic
  9627 | D:9      | Reached skill level 5 in Air Magic
  9627 | D:9      | Reached skill level 5 in Earth Magic
  9627 | D:9      | Reached skill level 5 in Poison Magic
  9627 | D:9      | Reached XP level 11. HP: 81/81 MP: 11/22
 10147 | D:10     | Entered Level 10 of the Dungeon
 10257 | D:10     | Found a staircase to the Orcish Mines.
 10543 | D:10     | Found a hazy altar of Hepliaklqana.
 10582 | D:10     | Noticed a manticore
 10589 | D:10     | Killed a manticore
 10682 | D:10     | Found an ornate altar of the Wu Jian Council.
 10792 | D:10     | Noticed a deep elf pyromancer
 10809 | D:10     | Killed a deep elf pyromancer
 11323 | D:10     | Found a staircase to the Lair.
 11372 | D:11     | Noticed a boulder beetle
 11414 | D:11     | Killed a boulder beetle
 11493 | D:11     | Reached skill level 7 in Ranged Weapons
 11537 | D:11     | Noticed a two-headed ogre
 11540 | D:11     | Reached XP level 12. HP: 89/91 MP: 19/24
 11549 | D:11     | Killed a two-headed ogre
 11607 | D:11     | Noticed a stone giant
 11607 | D:11     | Killed a stone giant
 11617 | D:11     | Noticed a two-headed ogre
 11628 | D:11     | Noticed a boulder beetle
 11636 | D:11     | Noticed a centaur warrior
 11738 | D:11     | Noticed a two-headed ogre
 11750 | D:11     | Killed a two-headed ogre
 12091 | D:11     | Killed a centaur warrior
 12282 | D:11     | Noticed a sun demon
 12453 | D:11     | Noticed Urug
 12468 | D:11     | Killed Urug
 12556 | D:11     | Reached skill level 8 in Ranged Weapons
 12682 | D:11     | Identified the +2 whip of Qazlal {heavy, Will+ SInv}
 12704 | D:11     | Killed a boulder beetle
 12818 | D:11     | Reached XP level 13. HP: 98/98 MP: 19/26
 13091 | D:11     | Reached skill level 10 in Summonings
 13541 | D:11     | Reached skill level 10 in Spellcasting
 14789 | D:12     | Found a gateway to a bazaar.
 14789 | D:12     | Identified the +1 ring mail of the Comet {+Blink rF- Str+3
                  | Stlth+}
 14797 | D:12     | Learned a level 6 spell: Summon Cactus Giant
 14803 | D:12     | Found Jurrillai's Magic Scroll Boutique.
 14809 | D:12     | Bought a scroll of fog for 68 gold pieces
 14809 | D:12     | Bought a scroll of silence for 161 gold pieces
 14809 | D:12     | Bought a scroll of identify for 34 gold pieces
 14809 | D:12     | Bought a scroll of identify for 34 gold pieces
 14846 | D:12     | Found Ajabliut's Antique Armour Shop.
 15001 | D:12     | Found Xaisanil's Assorted Antiques.
 15039 | D:12     | Bought a scroll of vulnerability for 96 gold pieces
 15039 | D:12     | Bought a scroll of immolation for 96 gold pieces
 15154 | D:12     | Reached skill level 10 in Dodging
 15290 | D:12     | Found Wuub's General Store.
 15298 | D:12     | Bought 3 scrolls of enchant armour for 315 gold pieces
 15475 | Bazaar   | Entered a bazaar
 15641 | Bazaar   | Found Qioxetan's Assorted Antiques.
 15645 | Bazaar   | Bought a cyan potion for 26 gold pieces
 15646 | Bazaar   | Found Oriutzir's Distillery.
 15646 | Bazaar   | Found Bejic's General Store.
 15646 | Bazaar   | Found Ogguyfi's Jewellery Boutique.
 15663 | Bazaar   | Bought a potion of resistance for 90 gold pieces
 15676 | Bazaar   | Bought a scroll of blinking for 97 gold pieces
 15681 | Bazaar   | Bought the +2 shield of Resistance {rF++ rC++ Will++} for
                  | 2044 gold pieces
 15681 | Bazaar   | Found the +2 shield of Resistance {rF++ rC++ Will++}
 15703 | Bazaar   | Bought a scroll of teleportation for 39 gold pieces
 15708 | Bazaar   | Bought a potion of attraction for 27 gold pieces
 15708 | Bazaar   | Bought a potion of degeneration for 9 gold pieces
 15708 | Bazaar   | Bought a potion of attraction for 27 gold pieces
 15711 | Bazaar   | Bought a potion of heal wounds for 45 gold pieces
 15711 | Bazaar   | Bought a potion of haste for 90 gold pieces
 15711 | Bazaar   | Bought 2 potions of haste for 180 gold pieces
 15716 | Bazaar   | Bought a ring of flight for 140 gold pieces
 15721 | Bazaar   | Bought a copper wand for 116 gold pieces
 15721 | Bazaar   | Bought a bloodstained ring mail for 261 gold pieces
 15721 | Bazaar   | Identified the +4 ring mail of Kicogat {rC+ Int-4 SInv}
                  | (You bought it in a shop in a bazaar)
 15721 | Bazaar   | Bought a scroll of fear for 116 gold pieces
 15922 | Lair:1   | Entered Level 1 of the Lair of Beasts
 16266 | Lair:1   | Reached skill level 9 in Ranged Weapons
 16333 | Lair:1   | Reached skill level 10 in Stealth
 17258 | Lair:2   | Found a runed translucent gate.
 17497 | Lair:2   | Reached XP level 14. HP: 108/108 MP: 21/28
 17600 | Lair:2   | Reached skill level 10 in Invocations
 17630 | Lair:2   | Found a staircase to the Swamp.
 17798 | Lair:2   | Found a runed translucent gate.
 17799 | Lair:2   | Found a runed translucent gate.
 17898 | Lair:2   | Noticed woowoo's ghost (journeyman DrCj)
 18451 | Lair:2   | Killed woowoo's ghost
 18819 | Lair:2   | Got the ring of the Firefly {Fire Drain rElec rPois Slay+5}
 19834 | Lair:3   | Found a staircase to the Snake Pit.
 20394 | Lair:4   | Found an ancient bone altar of Kikubaaqudgha.
 20420 | Lair:4   | Found a viscous altar of Jiyva.
 20420 | Lair:4   | Found a staircase to the Slime Pits.
 21632 | Lair:5   | Entered Level 5 of the Lair of Beasts
 21910 | Lair:5   | Reached skill level 10 in Fighting
 21910 | Lair:5   | Reached skill level 10 in Short Blades
 21910 | Lair:5   | Reached skill level 10 in Long Blades
 21910 | Lair:5   | Reached skill level 10 in Axes
 21910 | Lair:5   | Reached skill level 10 in Maces & Flails
 21910 | Lair:5   | Reached skill level 10 in Polearms
 21910 | Lair:5   | Reached skill level 10 in Staves
 21910 | Lair:5   | Reached skill level 10 in Ranged Weapons
 21910 | Lair:5   | Reached skill level 10 in Throwing
 21910 | Lair:5   | Reached skill level 10 in Armour
 21910 | Lair:5   | Reached skill level 10 in Shields
 21910 | Lair:5   | Reached skill level 10 in Unarmed Combat
 21910 | Lair:5   | Reached skill level 10 in Evocations
 21917 | Lair:5   | Reached XP level 15. HP: 115/115 MP: 10/30
 22462 | D:12     | Bought a pair of gloves for 67 gold pieces
 23791 | Orc:1    | Entered Level 1 of the Orcish Mines
 24414 | Orc:2    | Entered Level 2 of the Orcish Mines
 24535 | Orc:2    | Found a staircase to the Elven Halls.
 25019 | Orc:2    | Found Alopsyttakh's Distillery.
 25019 | Orc:2    | Found Neorig's Antique Armour Shop.
 25093 | Orc:2    | Bought a potion of ambrosia for 112 gold pieces
 25093 | Orc:2    | Bought a potion of might for 56 gold pieces
 25288 | Orc:2    | Bought a glowing helmet for 195 gold pieces
 25365 | Orc:2    | Found Goval's Jewellery Shoppe.
 25365 | Orc:2    | Found Zytyll's Antique Weapon Shop.
 25463 | Orc:2    | Bought the ring "Reyn" {Fly Will+} for 511 gold pieces
 25932 | D:13     | Reached XP level 16. HP: 124/124 MP: 30/32
 26020 | D:13     | Reached skill level 11 in Ranged Weapons
 26295 | D:13     | Found a gate to the Vaults.
 27272 | D:14     | Reached XP level 17. HP: 131/131 MP: 22/33
 27535 | D:14     | Found a radiant altar of Vehumet.
 28038 | D:15     | Entered Level 15 of the Dungeon
 28045 | D:15     | Found a runed translucent gate.
 28045 | D:15     | Found a runed translucent gate.
 28046 | D:15     | Found a runed translucent gate.
 28047 | D:15     | Noticed MuffinSoup's ghost (journeyman OpHW)
 28105 | D:15     | Found a staircase to the Depths.
 28130 | D:15     | Found a frozen archway.
 28363 | IceCv    | Entered an ice cave
 28828 | IceCv    | Noticed a lich
 28840 | IceCv    | Killed a lich
 29119 | IceCv    | Found an ancient bone altar of Kikubaaqudgha.
 29291 | IceCv    | Found the +4 skin of Zhor {*Englaciate rC+++ SInv}
 29719 | D:15     | Killed MuffinSoup's ghost
 29989 | D:15     | Reached skill level 10 in Necromancy
 30125 | D:15     | Found a hide-covered altar of Uskayaw.
 30498 | Snake:1  | Entered Level 1 of the Snake Pit
 30974 | Snake:1  | Reached skill level 10 in Conjurations
 30974 | Snake:1  | Reached skill level 10 in Hexes
 30974 | Snake:1  | Reached skill level 10 in Translocations
 30974 | Snake:1  | Reached skill level 10 in Transmutations
 30974 | Snake:1  | Reached skill level 10 in Fire Magic
 30974 | Snake:1  | Reached skill level 10 in Ice Magic
 30974 | Snake:1  | Reached skill level 10 in Air Magic
 30974 | Snake:1  | Reached skill level 10 in Earth Magic
 30974 | Snake:1  | Reached skill level 10 in Poison Magic
 31397 | Snake:1  | Noticed Kirke
 31403 | Snake:1  | Killed Kirke
 32013 | Snake:2  | Reached skill level 12 in Ranged Weapons
 32502 | Snake:2  | Reached XP level 18. HP: 140/140 MP: 31/35
 32605 | Snake:2  | Learned a level 5 spell: Yara's Violent Unravelling
 32715 | Snake:2  | Noticed Vashnia
 32802 | Snake:2  | Killed Vashnia
 34734 | Snake:3  | Found a shimmering altar of Xom.
 35534 | Snake:4  | Entered Level 4 of the Snake Pit
 35534 | Snake:4  | Found a shimmering altar of Xom.
 35826 | Snake:4  | Identified the +9 triple sword of Jufenets {spect, rC+
                  | Dex+3 Stlth+}
 36632 | Snake:4  | Found Yros Nei's Overcharged Wands.
 37730 | Snake:4  | Reached XP level 19. HP: 115/148 MP: 19/36
 38729 | Snake:4  | Got a serpentine rune of Zot
 39137 | Elf:1    | Entered Level 1 of the Elven Halls
 39150 | Elf:1    | Reached skill level 13 in Ranged Weapons
 39516 | Elf:1    | Learned a level 5 spell: Borgnjor's Vile Clutch
 39860 | Elf:1    | Noticed a Tzitzimitl
 41157 | Elf:1    | Got Suhizuf's Quarto of Creative Blasting
 41744 | Elf:2    | Noticed Taurus's ghost (adept MiFi)
 41751 | Elf:2    | Found a transporter.
 41751 | Elf:2    | Killed Taurus's ghost
 41759 | Elf:2    | Found a transporter.
 41763 | Elf:2    | Found a bloodstained altar of Trog.
 42136 | Elf:2    | Found a runed translucent gate.
 42137 | Elf:2    | Found a runed translucent gate.
 42159 | Elf:2    | Found a runed translucent gate.
 43186 | Elf:2    | Found Wimoucs's Distillery.
 43200 | Elf:2    | Paralysed by an air elemental for 1 turns
 43204 | Elf:2    | Paralysed by an air elemental for 1 turns
 43244 | Elf:2    | Bought a potion of heal wounds for 65 gold pieces
 43244 | Elf:2    | Bought a potion of heal wounds for 65 gold pieces
 43244 | Elf:2    | Bought a potion of magic for 104 gold pieces
 43537 | Elf:3    | Entered Level 3 of the Elven Halls
 43848 | Elf:3    | Paralysed by an air elemental for 1 turns
 43854 | Elf:3    | Reached XP level 20. HP: 152/157 MP: 19/38
 44097 | Elf:3    | Found the amulet of the Four Winds {rN+ Will+++ Clar}
 44097 | Elf:3    | Found the +7 great mace "Firestarter" {flame, immolate,
                  | rFlCloud rF++}
 44124 | Elf:3    | Got the Treatise on Electrocution and Transmutation
 44160 | Elf:3    | Identified the staff of conjuration "Viala" {Str+3}
 44165 | Elf:3    | Identified the +7 demon blade of Inquiry {drain, Will-
                  | Str+8 Stlth-}
 44168 | Elf:3    | Identified the staff of earth "Ysocre" {Fragile +Blink Fly
                  | Str+2}
 44198 | Elf:3    | Identified the +0 cloak of Summertime {Rampage Int+6}
 44226 | Elf:3    | Got the Handbook of the Frore Voyage
 44320 | Elf:3    | Identified the staff of earth "Norizymi" {rF+ rN+}
 44577 | Elf:2    | Found a radiant altar of Vehumet.
 44651 | Elf:3    | Found Cilomy Fioz's Antique Weapon Shoppe.
 44651 | Elf:3    | Found Ommynang's Antique Armour Emporium.
 44747 | Elf:3    | Learned a level 7 spell: Spellforged Servitor
 45014 | Swamp:1  | Entered Level 1 of the Swamp
 45975 | Swamp:2  | Reached skill level 15 in Invocations
 46004 | Swamp:2  | Found a blossoming altar of Fedhas.
 46016 | Swamp:2  | Reached skill level 14 in Ranged Weapons
 46963 | Swamp:3  | Noticed Nikola
 46972 | Swamp:3  | Killed Nikola
 46977 | Swamp:3  | Noticed Jorgrun
 46986 | Swamp:3  | Killed Jorgrun
 48842 | Swamp:4  | Entered Level 4 of the Swamp
 48842 | Swamp:4  | Noticed Mlioglotl
 48843 | Swamp:4  | Killed Mlioglotl
 49276 | Swamp:4  | Identified Roxanne's Quarto of Vicissitude
 49276 | Swamp:4  | Noticed Roxanne
 50261 | Swamp:4  | Killed Roxanne
 50303 | Swamp:4  | Noticed Louise
 50313 | Swamp:4  | Killed Louise
 50337 | Swamp:4  | Reached skill level 15 in Spellcasting
 50503 | Swamp:4  | Noticed the 27-headed Lernaean hydra
 50511 | Swamp:4  | Killed the 27-headed Lernaean hydra
 50956 | Swamp:4  | Got a decaying rune of Zot
 52496 | Slime:1  | Entered Level 1 of the Pits of Slime
 53026 | Slime:1  | Reached skill level 15 in Dodging
 53026 | Slime:1  | Reached XP level 21. HP: 165/165 MP: 9/40
 53367 | Slime:1  | Reached skill level 15 in Ranged Weapons
 55378 | Slime:1  | Gained mutation: Your spells are a little easier to cast,
                  | but a little less powerful. [a shining eye]
 55382 | Slime:1  | Gained mutation: You are occasionally teleported next to
                  | monsters. [a shining eye]
 55519 | Slime:1  | Lost mutation: Your spells are a little easier to cast, but
                  | a little less powerful. [potion of mutation]
 55519 | Slime:1  | Lost mutation: You are occasionally teleported next to
                  | monsters. [potion of mutation]
 55519 | Slime:1  | Gained mutation: You occasionally lose the ability to drink
                  | potions when taking damage. [potion of mutation]
 55519 | Slime:1  | Gained mutation: You have extremely sharp teeth. [potion of
                  | mutation]
 55519 | Slime:1  | Gained mutation: You have a pair of small antennae on your
                  | head. [potion of mutation]
 55519 | Slime:1  | Gained mutation: Your muscles are strong. (Str +4, Int/Dex
                  | -1) [potion of mutation]
 55520 | Slime:1  | Lost mutation: You have a pair of small antennae on your
                  | head. [potion of mutation]
 55520 | Slime:1  | Lost mutation: You occasionally lose the ability to drink
                  | potions when taking damage. [potion of mutation]
 55520 | Slime:1  | Lost mutation: Your muscles are strong. (Str +4, Int/Dex
                  | -1) [potion of mutation]
 55520 | Slime:1  | Gained mutation: You are robust. (+10% HP) [potion of
                  | mutation]
 56128 | Slime:3  | Reached skill level 15 in Stealth
 56885 | Slime:3  | Found a corrupted altar of Lugonu.
 57178 | Slime:3  | Found a one-way gate to the infinite horrors of the Abyss.
 58954 | Slime:5  | Entered Level 5 of the Pits of Slime
 59280 | Vaults:1 | Entered Level 1 of the Vaults
 61220 | Vaults:1 | Learned a level 7 spell: Malign Gateway
 61281 | Vaults:2 | Noticed Zenata
 61284 | Vaults:2 | Killed Zenata
 61465 | Vaults:2 | Reached skill level 16 in Ranged Weapons
 61492 | Vaults:2 | Reached skill level 15 in Necromancy
 61671 | Vaults:2 | Identified the +8 plate armour of Qator {Int+5}
 62166 | Vaults:2 | Reached skill level 15 in Fighting
 62166 | Vaults:2 | Reached skill level 15 in Short Blades
 62166 | Vaults:2 | Reached skill level 15 in Long Blades
 62166 | Vaults:2 | Reached skill level 15 in Axes
 62166 | Vaults:2 | Reached skill level 15 in Maces & Flails
 62166 | Vaults:2 | Reached skill level 15 in Polearms
 62166 | Vaults:2 | Reached skill level 15 in Staves
 62166 | Vaults:2 | Reached skill level 15 in Throwing
 62166 | Vaults:2 | Reached skill level 15 in Armour
 62166 | Vaults:2 | Reached skill level 15 in Shields
 62166 | Vaults:2 | Reached skill level 15 in Unarmed Combat
 62166 | Vaults:2 | Reached skill level 15 in Evocations
 62379 | Vaults:2 | Reached XP level 22. HP: 142/192 MP: 31/41
 63522 | Vaults:2 | Found a staircase to the Crypt.
 65047 | Vaults:3 | Reached skill level 17 in Ranged Weapons
 65166 | Vaults:3 | You fall into a shaft and drop 1 floor!
 65166 | Vaults:4 | Found Jotud's Weapon Boutique.
 66433 | Vaults:3 | Reached skill level 15 in Summonings
 66436 | Vaults:3 | Reached XP level 23. HP: 201/201 MP: 28/43
 66621 | Vaults:3 | Got the Papyrus of Helpful Superposition
 66630 | Vaults:3 | Got the Anthology of Ice
 66633 | Vaults:3 | Got Sif Muna's Octavo of Arenous Attendants
 66850 | Vaults:3 | Found a large runed translucent door.
 66850 | Vaults:3 | Found a large runed translucent door.
 66850 | Vaults:3 | Noticed corvin's ghost (veteran TrBe)
 66850 | Vaults:3 | Noticed quaternion's ghost (veteran MiFi)
 67829 | Vaults:4 | Found a runed translucent gate.
 67830 | Vaults:4 | Found a runed translucent gate.
 67830 | Vaults:4 | Found a runed translucent gate.
 67831 | Vaults:4 | Noticed eruonna's ghost (veteran HOBe)
 67844 | Vaults:4 | Identified the +7 dagger of Grace {vamp, Int-4 Dex+3
                  | Stlth+}
 67927 | Vaults:4 | Killed eruonna's ghost
 68154 | Vaults:4 | Identified the amulet of Greed {Acrobat rF+ rC+ Dex+2}
 68522 | Depths:1 | Entered Level 1 of the Depths
 68603 | Depths:1 | Found a gateway to Hell.
 68869 | Depths:1 | Found a bloodstained altar of Trog.
 69441 | Depths:1 | Found a one-way gate leading to the halls of Pandemonium.
 69861 | Depths:2 | Reached skill level 18 in Ranged Weapons
 69923 | Depths:2 | Gained mutation: You do not regenerate when monsters are
                  | visible. [a neqoxec]
 70089 | Depths:2 | Lost mutation: You are robust. (+10% HP) [potion of
                  | mutation]
 70089 | Depths:2 | Lost mutation: You do not regenerate when monsters are
                  | visible. [potion of mutation]
 70089 | Depths:2 | Gained mutation: You possess an exceptional clarity of
                  | mind. [potion of mutation]
 70089 | Depths:2 | Gained mutation: Your skin changes colour to match your
                  | surroundings (Stealth+). [potion of mutation]
 70625 | Depths:2 | Found a shimmering blue altar of Sif Muna.
 70628 | Depths:2 | Found a shimmering altar of Xom.
 70628 | Depths:2 | Found a blossoming altar of Fedhas.
 70630 | Depths:2 | Found a blossoming altar of Fedhas.
 70630 | Depths:2 | Found an ornate altar of the Wu Jian Council.
 70630 | Depths:2 | Found a burning altar of Makhleb.
 70648 | Depths:2 | Found Irchyt Fyiff's Book Boutique.
 70665 | Depths:2 | Learned a level 7 spell: Orb of Destruction
 71200 | Depths:2 | Found a glowing golden altar of the Shining One.
 71723 | Depths:3 | Noticed Parghit
 72401 | Depths:3 | Identified the ring of Thoughtfulness {Ice SInv}
 72401 | Depths:3 | Noticed Josephina
 72631 | Depths:3 | Found a one-way gateway to a ziggurat.
 72900 | Depths:3 | Killed Parghit
 73359 | Depths:3 | Noticed a golden dragon
 73366 | Depths:3 | Killed a golden dragon
 74122 | Depths:3 | Noticed a golden dragon
 74132 | Depths:3 | Killed a golden dragon
 74202 | Depths:3 | Found a gateway to a bazaar.
 74302 | Depths:3 | Reached XP level 24. HP: 157/193 MP: 39/44
 74377 | Depths:3 | Killed Josephina
 74724 | Depths:4 | Entered Level 4 of the Depths
 75215 | Depths:4 | Found a gate to the Realm of Zot.
 75849 | Depths:4 | Reached skill level 19 in Ranged Weapons
 76504 | Depths:4 | Found a sacrificial altar of Ru.
 79175 | Depths:4 | Found a white marble altar of Elyvilon.
 79890 | Slime:5  | Noticed the Royal Jelly
 79901 | Slime:5  | Killed the Royal Jelly
 81281 | Slime:5  | Got a slimy rune of Zot
 81378 | Slime:5  | Identified the +9 hand axe of Ytwen {heavy, Contam Dex+3
                  | Stlth+}
 81427 | Slime:5  | Identified the amulet "Butoom" {Spirit +Blink rPois}
 81428 | Slime:5  | Identified the +2 chain mail of Gestocix {rN+ Will- rCorr}
 81471 | Slime:5  | Identified the staff of poison "Zyupn" {Fly rPois rCorr
                  | Dex-2 Stlth+}
 81485 | Slime:5  | Identified the staff of poison "Duuskuirph" {rPois rC+}
 82553 | Vaults:2 | Learned a level 4 spell: Dispel Undead
 82554 | Crypt:1  | Entered Level 1 of the Crypt
 83615 | Crypt:1  | Noticed Frederick
 83626 | Crypt:1  | Killed Frederick
 84282 | Crypt:2  | Reached XP level 25. HP: 191/202 MP: 13/44
 85252 | Crypt:2  | Reached skill level 20 in Ranged Weapons
 86054 | Crypt:3  | Entered Level 3 of the Crypt
 86514 | Crypt:3  | Found a staircase to the Tomb.
 88050 | Crypt:3  | Noticed a dread lich
 88064 | Crypt:3  | Killed a dread lich
 88295 | Crypt:3  | Got the Textbook on Profane Mysteries
 89216 | Crypt:3  | Identified the +9 mace "Noliluh" {antimagic, rC++}
 89598 | Depths:3 | Upgraded the game from 0.30.0-29-ga12c61a403 to
                  | 0.30.0-30-g96aa6591b8
 89598 | Depths:3 | Bought the +3 long sword of the Three Emperors {elec, Str+2
                  | Int+6} for 807 gold pieces
 89627 | Depths:3 | Learned a level 8 spell: Ignition
 89630 | Zig:1    | Entered Level 1 of a ziggurat
 89685 | Zig:2    | Entered Level 2 of a ziggurat
 89810 | Zig:3    | Entered Level 3 of a ziggurat
 89912 | Zig:4    | Entered Level 4 of a ziggurat
 90279 | Zig:4    | Identified the +1 robe of Soyresh {rPois rN+ Int+2 Dex+4}
 90290 | Zig:4    | Identified the +9 shortbow of Inflation {elec, rN+ Int+4}
 90307 | Zig:5    | Entered Level 5 of a ziggurat
 90403 | Zig:6    | Entered Level 6 of a ziggurat
 90407 | Zig:6    | Found the +8 trishula "Condemnation" {holy, anguish, *Noise
                  | Fly rN+}
 90415 | Zig:6    | Reached skill level 15 in Conjurations
 90415 | Zig:6    | Reached skill level 15 in Hexes
 90415 | Zig:6    | Reached skill level 15 in Translocations
 90415 | Zig:6    | Reached skill level 15 in Transmutations
 90415 | Zig:6    | Reached skill level 15 in Fire Magic
 90415 | Zig:6    | Reached skill level 15 in Ice Magic
 90415 | Zig:6    | Reached skill level 15 in Air Magic
 90415 | Zig:6    | Reached skill level 15 in Earth Magic
 90415 | Zig:6    | Reached skill level 15 in Poison Magic
 90594 | Zig:6    | Identified the +6 mace of the Boiling Point {holy, +Blink
                  | Fly rElec}
 90706 | Zig:7    | Entered Level 7 of a ziggurat
 90741 | Zig:7    | Identified the +0 robe of Sloth {rPois Regen+ Slay-2
                  | Stlth+}
 90798 | Zig:8    | Entered Level 8 of a ziggurat
 90831 | Zig:8    | Identified the staff of earth "Hippeas" {Str+3}
 90836 | Zig:8    | Identified the +6 morningstar of the Maze {freeze, rCorr}
 91033 | Zig:8    | Identified the staff of cold "Wipusyff" {rElec rC+ rCorr
                  | Dex+2}
 91074 | Zig:9    | Entered Level 9 of a ziggurat
 91082 | Zig:9    | Noticed a dread lich
 91103 | Zig:9    | Killed a dread lich
 91112 | Zig:9    | Reached XP level 26. HP: 77/213 MP: 45/45
 91633 | Zig:10   | Entered Level 10 of a ziggurat
 91639 | Zig:10   | Noticed an ancient lich
 91639 | Zig:10   | Noticed an ancient lich
 91642 | Zig:10   | Noticed an ancient lich
 91644 | Zig:10   | Noticed a dread lich
 91658 | Zig:10   | Killed an ancient lich
 92913 | Vaults:5 | Entered Level 5 of the Vaults
 92923 | Vaults:5 | Reached skill level 21 in Ranged Weapons
 92990 | Vaults:5 | Noticed a dread lich
 93973 | Vaults:5 | Identified the +2 flail "Weiloehe" {flame, rF- rC+ rN+}
 93989 | Vaults:5 | Identified the ring of Qaucyk Duen {rN+ Will+ rCorr Dex+3}
 94164 | Vaults:5 | Identified the ring of Ywism {rPois Will+}
 94182 | Vaults:5 | Got a silver rune of Zot
 94740 | Depths:2 | Voluntarily entered the Abyss.
 94740 | Abyss:1  | Found a transporter.
 94751 | Abyss:1  | Found a corrupted altar of Lugonu.
 94985 | Abyss:3  | Found a corrupted altar of Lugonu.
 95000 | Abyss:3  | Found a corrupted altar of Lugonu.
 95004 | Abyss:3  | Found a corrupted altar of Lugonu.
 95007 | Abyss:3  | Found a corrupted altar of Lugonu.
 95007 | Abyss:3  | Found a corrupted altar of Lugonu.
 95205 | Abyss:3  | Noticed a dread lich
 95211 | Abyss:4  | Found a corrupted altar of Lugonu.
 95221 | Abyss:4  | Found a transporter.
 95278 | Abyss:4  | Found a transporter.
 95281 | Abyss:4  | Got an abyssal rune of Zot
 95432 | Abyss:4  | Found a transporter.
 95439 | Depths:2 | Escaped the Abyss
 95884 | Zot:1    | Entered Level 1 of the Realm of Zot
 96351 | Zot:1    | Learned a level 2 spell: Blink
 98436 | Zot:2    | Reached XP level 27. HP: 133/224 MP: 31/46
 98458 | Zot:2    | Reached skill level 22 in Ranged Weapons
 98719 | Zot:2    | Identified a scroll of acquirement
 98792 | Zot:2    | Noticed an orb of fire
 98817 | Zot:2    | Killed an orb of fire
 99191 | Zot:2    | HP: 9/224 [white draconian stormcaller/divine providence
                  | (13)]
101287 | Zot:3    | Found the +4 dragonskin cloak
101287 | Zot:3    | Noticed Tiamat
101462 | Zot:3    | Identified the staff of conjuration "Jeheawn" {rElec rN+}
102335 | Zot:4    | Learned a level 8 spell: Lehudib's Crystal Spear
102651 | Zot:4    | Killed from afar by a yellow draconian annihilator

Illustrated notes

Levels and vault maps discovered:
D:1:      dpeg_arrival_arbitrary_b, layout_basic
D:2:      layout_loops_corners, chequers_ecumenical_altar_simple_redux,
          uniq_terence
D:3:      layout_loops_ring, mainiacjoe_overflow_alcove_2,
          mainiacjoe_overflow_tiny_flanked, kennysheep_slug_shrine,
          grunt_dithmenos_smoke_and_mirrors, gammafunk_ghost_split
D:4:      cheibrodos_pilgrimage, layout_loops_ring, kennysheep_vampire_church,
          led_sif_pool, portal_sewer_entry_e
D:5:      minmay_bubble_buster, layout_loops_cross, nicolae_vehumet_altar_sigil,
          mainiacjoe_overflow_concentric_impassable,
          ebering_ghost_disaster_area, uniq_edmund, uniq_menkaure, uniq_duvessa,
          uniq_sigmund
D:6:      layout_loops_ring, minmay_temple_entry_enclosed_plants
D:7:      layout_basic, lemuel_tele_altar, minmay_fire_ice_demons, uniq_joseph
D:8:      layout_cave_pods, enter_ossuary_2
D:9:      layout_roguey, uniq_erolcha
D:10:     layout_basic, kennysheep_mini, nicolae_hepliaklqana_hazy_memory,
          grunt_lair_entry_orc_guard_hut, hiddenorc1_lemuel, minmay_door_square,
          grunt_potential
D:11:     minmay_the_grid_square_5x5_5x5_mashed
          [minmay_the_grid_square_5x5_bridge,
          minmay_the_grid_square_5x5_two_small,
          minmay_the_grid_square_5x5_spiral,
          minmay_the_grid_square_5x5_minivault,
          minmay_the_grid_square_5x5_sharp_hourglass,
          minmay_the_grid_square_5x5_checkered_sparse,
          minmay_the_grid_square_5x5_prize_junk, minmay_the_grid_square_5x5_tie,
          minmay_the_grid_square_5x5_prize_pseudospiral,
          minmay_the_grid_square_5x5_inner_i,
          minmay_the_grid_square_5x5_shuriken,
          minmay_the_grid_square_5x5_trominoes,
          minmay_the_grid_square_5x5_prize_gold,
          minmay_the_grid_square_5x5_empty,
          minmay_the_grid_square_5x5_pentomino_r,
          minmay_the_grid_square_5x5_inset,
          minmay_the_grid_square_5x5_prize_itemx,
          minmay_the_grid_square_5x5_two,
          minmay_the_grid_square_5x5_prize_monsterx,
          minmay_the_grid_square_5x5_slash, minmay_the_grid_square_5x5_meh,
          minmay_the_grid_square_5x5_z, minmay_the_grid_square_5x5_seven,
          minmay_the_grid_square_5x5_comb,
          minmay_the_grid_square_5x5_eight_small], layout_cave_pools, uniq_urug
D:12:     layout_gridville, serial_shops, freezing_bzr, shop_statue, shop,
          nicolae_shop_rolling_square, nicolae_shop_tiny_waterfront
D:13:     layout_stronghold, grunt_vaults_entry_tiered
D:14:     layout_gridville, lemuel_round_altar
D:15:     grunt_enter_depths_giant_problem, layout_irregular_city,
          portal_ice_cave_entry_dragon, ebering_ghost_rock_garden,
          eat_drink_and_be_merry_uskayaw
Temple:   minmay_temple_curvy_loop
Lair:1:   layout_gridlike, lemuel_fruit_fields, grunt_megastairs_4
Lair:2:   layout_cave_pods, minmay_swamp_entry_worms, gammafunk_ghost_icy
Lair:3:   layout_cave_pods, minmay_snake_entry_guardpost_medium
Lair:4:   layout_layer_cave, slime_entry_1, basic_altar,
          chequers_serial_rivers_micro_b
Lair:5:   evilmike_catoblepas_cave, layout_cellular_growth
Swamp:1:  layout_basic_swamp, evilmike_swamp_ruin_house_5,
          infiniplex_staircase_pool
Swamp:2:  layout_basic_swamp, evilmike_swamp_ruin_house_3, swamp_pool1,
          lemuel_altar_in_water
Swamp:3:  layout_falls_marsh, evilmike_swamp_ruin_rubble_1, uniq_jorgrun,
          uniq_nikola
Swamp:4:  swamp_old_school, layout_basic_swamp, uniq_mlioglotl, uniq_roxanne,
          uniq_louise
Snake:1:  layout_onion_interference, serial_bayou_shore_a, uniq_kirke
Snake:2:  layout_chambers, grunt_megastairs_5, uniq_vashnia
Snake:3:  layout_misc_corridors, basic_altar
Snake:4:  grunt_snake_rune_serpentine_throne, layout_cave_town, basic_altar,
          st_stairs_14, nicolae_shop_overcharged_wands
Slime:1:  layout_caves, nicolae_slime_phagocytosis
Slime:2:  layout_caves
Slime:3:  layout_caves, amcnicky_altar_lugonu_corruption
Slime:4:  layout_caves
Slime:5
Orc:1:    layout_diamond_mine, minmay_orc_temple_a
Orc:2:    st_orc_town, layout_caves
Elf:1:    eino_elf_arrival_shootout, layout_onion_city, minmay_elf_sorcery
Elf:2:    nicolae_elf_blades_splatter_lattice
          [nicolae_blade_entry_area_security], layout_gridlike,
          gammafunk_ghost_wrathful_warriors, serial_shops,
          nicolae_shop_tiny_glass, lemuel_upstairs_altar
Elf:3:    grunt_elf_hall_asides, layout_geoelf_grid, small_chamber_with_monster,
          minmay_shoptagon
Vaults:1: nicolae_vaults_closet_pinwheel_5, grunt_vaults_trifunnel,
          nicolae_vaults_more_shelving_2, v_alt_pattern_3,
          nicolae_vaults_storage_room_water, hangedman_vaults_snaps,
          vaults_dpeg_diagonal, nicolae_vaults_double_plus_1,
          nicolae_vaults_house_2, nicolae_vaults_tetromino_L_2,
          layout_vaults_chaotic_city
Vaults:2: v_misc_29, minmay_crypt_entry_simple_box,
          nicolae_vaults_yaktaur_gun_rack, v_misc_26, vaults_mumra_minichess,
          st_quartered_hall, nicolae_vaults_storage_room_statues, v_misc_16,
          nicolae_vaults_closet_pinwheel_3, hangedman_vaults_capsules,
          layout_vaults_ring, uniq_zenata
Vaults:3: advil_vaults_ghost_guards, v_misc_15,
          nicolae_vaults_offset_grid_hallway_2, nicolae_vaults_prndl,
          ontoclasm_vaults_chip, vaults_room_pools,
          nicolae_vaults_closet_pinwheel_2, nicolae_vaults_library_corner,
          nicolae_vaults_layer_cake_slice, vaults_room_ringed_pool, v_misc_23,
          layout_vaults_omnigrid
Vaults:4: gammafunk_ghost_necromancy, nicolae_vaults_stairing_the_circle,
          hangedman_vaults_cutoff, nicolae_vaults_offset_grid_hallway_1,
          nicolae_vaults_an_arrangement, nicolae_vaults_more_shelving_1,
          nicolae_vaults_mini_display_case, layout_vaults_maze_snakey,
          serial_shops, nicolae_lakefront_shop
Vaults:5: serial_shops
Crypt:1:  layout_gridlike, grunt_crypt_arrival_split, uniq_frederick
Crypt:2:  layout_catacombs, st_stairs_9
Crypt:3:  due_elkab, layout_chaotic_city, tomb_entry_simple_bobbens
Depths:1: layout_cave_shapes, nicolae_benzene_ring, hangedman_coc_ice_floe,
          rand_demon_pan_entry_9, minmay_tree_intersection, minmay_holes,
          chequers_serial_rivers_micro_a, amcnicky_mini_pool_small, bloody_trog
Depths:2: abrahamwl_protected_by_tso_2, layout_cave_pools, serial_shops,
          shop_statue, grunt_pan_entry_spiral, abyss_entry, doesnt_xom_only_xom,
          hell_entry, hangedman_decor_growths, kennysheep_generic_room_3
Depths:3: hangedman_cross_veins, layout_basic, enter_ziggurat_f,
          serial_bayou_pond_c, serial_shops, bzr_entry_lakeside, abyss_entry,
          hell_entry, lemuel_old_faithful, uniq_josephina, uniq_parghit
Depths:4: evilmike_zot_entry_argh, layout_gridville, basic_altar,
          hangedman_geh_valley, nicolae_ru_the_path_less_chosen
Zot:1:    layout_gridlike
Zot:2:    kennysheep_room_grid, layout_misc_corridors, hangedman_player_shredder
Zot:3:    layout_cathedral_of_symmetry, st_grand_hoard_of_tiamat
Zot:4:    layout_misc_corridors

Skill      XL: |  1  2  3  4  5  6  7  8  9 10 11 12 13 14 15 16 17 18 19 20 21 22 23 24 25 26 27 |
---------------+----------------------------------------------------------------------------------+-----
Spellcasting   | 5 6 7 8 9 10 11 12 13 14 15 16 17 18 19 | 19.4
Invocations    | 1 2 3 4 5 6 7 8 9 10 11 12 13 14 15 16 17 18 19 20 | 20.4
Fighting       | 1 2 3 5 6 7 8 9 10 11 12 13 14 15 16 17 18 20 | 20.7
Short Blades   | 1 2 3 5 6 7 8 9 10 11 12 13 14 15 16 17 18 | 18.9
Long Blades    | 1 2 3 5 6 7 8 9 10 11 12 13 14 15 16 17 18 | 18.9
Axes           | 1 2 3 5 6 7 8 9 10 11 12 13 14 15 16 17 18 | 18.9
Maces & Flails | 1 2 3 5 6 7 8 9 10 11 12 13 14 15 16 17 18 19 | 19.7
Polearms       | 1 2 3 5 6 7 8 9 10 11 12 13 14 15 16 17 18 | 18.9
Staves         | 1 2 3 5 6 7 8 9 10 11 12 13 14 15 16 17 18 | 18.9
Ranged Weapons | 1 2 3 5 6 7 8 9 10 11 12 13 14 16 17 18 19 20 21 22 | 22.6
Throwing       | 1 2 3 5 6 7 8 9 10 11 12 13 14 15 16 17 18 | 18.9
Armour         | 1 2 3 5 6 7 8 9 10 11 12 13 14 15 16 17 18 | 18.9
Shields        | 1 2 3 5 6 7 8 9 10 11 12 13 14 15 16 17 18 | 18.9
Unarmed Combat | 1 2 3 5 6 7 8 9 10 11 12 13 14 15 17 18 19 20 21 | 21.4
Evocations     | 1 2 3 5 6 7 8 9 10 11 12 13 14 15 16 17 18 | 18.9
Conjurations   | 1 2 3 4 5 6 7 8 9 10 11 12 13 14 15 16 | 16.1
Hexes          | 1 2 3 4 5 6 7 8 9 10 11 12 13 14 15 16 | 16.1
Necromancy     | 1 2 3 4 5 6 7 8 9 10 11 13 14 15 16 17 18 19 20 | 20.2
Translocations | 1 2 3 4 5 6 7 8 9 10 11 12 13 14 15 16 | 16.1
Transmutations | 1 2 3 4 5 6 7 8 9 10 11 12 13 14 15 16 | 16.1
Fire Magic     | 1 2 3 4 5 6 7 8 9 10 11 12 13 14 15 16 | 16.1
Ice Magic      | 1 2 3 4 5 6 7 8 9 10 11 12 13 14 15 16 | 16.1
Air Magic      | 1 2 3 4 5 6 7 8 9 10 11 12 13 14 15 16 | 16.1
Earth Magic    | 1 2 3 4 5 6 7 8 9 10 11 12 13 14 15 16 | 16.1
Poison Magic   | 1 2 3 4 5 6 7 8 9 10 11 12 13 14 15 16 | 16.1
Dodging        | 5 6 7 8 9 10 11 12 13 14 15 16 17 18 19 | 19.3
Stealth        | 5 6 7 8 9 10 11 12 13 14 15 16 17 18 19 | 19.2
Summonings     | 8 9 10 11 12 13 14 15 16 17 | 17.4

Action                     |  1- 3 |  4- 6 |  7- 9 | 10-12 | 13-15 | 16-18 | 19-21 | 22-24 | 25-27 || total
---------------------------+-------+-------+-------+-------+-------+-------+-------+-------+-------++-------
  Melee: Dagger            |    22 |   123 |   130 |   118 |    22 |       |       |       |       ||   415
         Bite              |     2 |    10 |    14 |    20 |    34 |    62 |   147 |   138 |    69 ||   496
         Punch             |       |       |     6 |     6 |     2 |       |       |       |       ||    14
         Whip              |       |       |       |       |   190 |   326 |   147 |       |       ||   663
         Quick blade       |       |       |       |       |       |       |   567 |   551 |    52 ||  1170
         Staff             |       |       |       |       |       |       |    31 |    30 |     6 ||    67
         Demon blade       |       |       |       |       |       |       |       |    66 |       ||    66
         Long sword        |       |       |       |       |       |       |       |       |   163 ||   163
         Mace              |       |       |       |       |       |       |       |       |   108 ||   108
   Cast: Summon Small Mamm |    19 |    11 |    21 |    23 |    40 |    15 |     4 |       |       ||   133
         Call Imp          |     8 |     6 |    18 |    19 |    35 |    11 |     3 |       |       ||   100
         Call Canine Famil |     2 |    13 |    35 |    31 |    51 |    30 |    32 |     1 |       ||   195
         Summon Lightning  |       |     4 |    25 |    55 |    69 |    71 |   101 |    70 |    12 ||   407
         Summon Guardian G |       |     4 |    12 |    31 |    20 |     3 |    13 |     9 |     1 ||    93
         Summon Mana Viper |       |       |       |    32 |    58 |   112 |   155 |    89 |    51 ||   497
         Summon Forest     |       |       |       |    23 |    60 |    42 |    86 |    48 |    25 ||   284
         Summon Cactus Gia |       |       |       |       |    22 |    64 |   105 |    79 |    23 ||   293
         Yara's Violent Un |       |       |       |       |       |    18 |    22 |     1 |     1 ||    42
         Spellforged Servi |       |       |       |       |       |       |     9 |    40 |    25 ||    74
         Borgnjor's Vile C |       |       |       |       |       |       |     1 |    21 |    43 ||    65
         Malign Gateway    |       |       |       |       |       |       |     5 |    69 |    24 ||    98
         Dispel Undead     |       |       |       |       |       |       |       |    15 |    97 ||   112
         Ignition          |       |       |       |       |       |       |       |       |    75 ||    75
         Blink             |       |       |       |       |       |       |       |       |     1 ||     1
 Invoke: Potion Petition   |       |       |       |       |       |     1 |     3 |     6 |    13 ||    23
         Bribe Branch      |       |       |       |       |       |       |     2 |       |     3 ||     5
         Call Merchant     |       |       |       |       |       |       |       |       |     1 ||     1
  Evoke: Wand              |       |       |       |     1 |     1 |     2 |     6 |     5 |    24 ||    39
         Phial of floods   |       |       |       |       |       |     1 |       |       |     2 ||     3
         Box of beasts     |       |       |       |       |       |       |       |       |     1 ||     1
         Lightning rod     |       |       |       |       |       |       |       |       |     3 ||     3
    Use: Potion            |     2 |       |     7 |     1 |     2 |     7 |     9 |     9 |    18 ||    55
         Scroll            |       |    10 |     4 |     8 |    16 |     4 |    18 |    13 |    16 ||    89
   Stab: Sleeping          |     4 |    11 |     2 |     3 |     2 |     3 |    15 |    24 |    12 ||    76
         Distracted        |       |       |       |       |     6 |     9 |    21 |    15 |    10 ||    61
         Invisible         |       |       |       |       |       |       |       |     1 |     2 ||     3
 Armour: Robe              |    11 |    47 |    54 |    53 |    60 |    36 |       |       |       ||   261
         Animal skin       |       |       |       |       |       |   103 |   162 |   154 |   116 ||   535
  Dodge: Dodged            |    28 |    84 |   105 |   131 |   132 |   199 |   243 |   300 |   245 ||  1467
  Block: Kite shield       |       |       |       |       |   168 |   277 |   348 |   381 |   284 ||  1458
